 Dungeon Crawl Stone Soup version 0.28.0-45-g0d030f2227 (webtiles) character file.

Game seed: 11821263839183785231

310 Icepheonix32 the Firebug (level 6, -1/32 HPs)
             Began as a Tengu Fire Elementalist on Apr 16, 2022.
             Was an Initiate of Qazlal.
             Shot with an arrow by a centaur (4 damage)
             ... on level 5 of the Dungeon.
             The game lasted 00:03:28 (4187 turns).

Icepheonix32 the Firebug (Tengu Fire Elementalist)  Turns: 4187, Time: 00:03:28

Health: -1/32      AC:  2    Str:  9    XL:     6   Next: 41%
Magic:  0/10       EV: 14    Int: 17    God:    Qazlal [......]
Gold:   156        SH:  0    Dex: 14    Spells: 8/9 levels left

rFire   . . .      SeeInvis .   f - +0 spear
rCold   . . .      Faith    .   n - orb {mayhem}
rNeg    . . .      Spirit   +   a - +0 robe
rPois   .          Reflect  .   (helmet restricted)
rElec   .          Harm     .   (no cloak)
rCorr   .          Rampage  .   (no gloves)
Will    .....                   (boots unavailable)
Stlth   ++........              e - amulet of guardian spirit
HPRegen 0.10/turn               (no ring)
MPRegen 0.12/turn               (no ring)

@: flying quickly and evasively, quick
A: beak, talons 3, nimble flight
a: Renounce Religion


You were on level 5 of the Dungeon.
You worshipped Qazlal.
Qazlal was noncommittal.
You visited 2 branches of the dungeon, and saw 6 of its levels.

You collected 156 gold pieces.

Inventory:

Hand Weapons
 d - a +0 short sword
 f - a +0 spear (weapon)
Armour
 a - a +0 robe (worn)
 k - a scarf of shadows
 n - an orb of mayhem (worn)
Jewellery
 e - an amulet of guardian spirit (around neck)
 q - a ring of flight
Wands
 u - a wand of charming (5)
Scrolls
 c - 3 scrolls of identify {unknown}
 g - 2 scrolls of fog {unknown}
 h - a scroll of teleportation {unknown}
 j - a scroll of amnesia {unknown}
 o - 2 scrolls of noise {unknown}
 s - a scroll of blinking {unknown}
 v - a scroll of vulnerability {unknown}
 w - a scroll of fear {unknown}
 x - a scroll of magic mapping {unknown}
Potions
 b - a potion of curing {unknown}
 i - a potion of degeneration {unknown}
 l - a potion of flight {unknown}
 m - a potion of berserk rage {unknown}
 p - 3 potions of heal wounds {unknown}
 r - a potion of ambrosia {unknown}
 t - 2 potions of brilliance {unknown}


   Skills:
 - Level 2.1 Dodging
 - Level 2.0 Stealth
 - Level 2.0 Spellcasting
 + Level 5.4 Conjurations
 + Level 6.2 Fire Magic


You had 8 spell levels left.
You knew the following spells:

 Your Spells              Type           Power      Damage    Failure   Level
a - Foxfire               Conj/Fire      84%        2x1d8     1%          1

Your spell library contained the following spells:

 Spells                   Type           Power      Damage    Failure   Level
 Scorch                   Fire           44%        2d7       2%          2
 Conjure Flame            Conj/Fire      21%        6-21      5%          3
 Inner Flame              Hex/Fire       12%        N/A       16%         3
 Flame Wave               Conj/Fire      21%        2d7       19%         4
 Lightning Bolt           Conj/Air       5%         1d17      87%         5
 Airstrike                Air            0%         N/A       88%         4
 Summon Lightning Spire   Summ/Air       1%         N/A       88%         4


Dungeon Overview and Level Annotations

Branches:
Dungeon (5/15)             Temple (1/1) D:4

Altars:
Ashenzari
Cheibriados
Dithmenos
Kikubaaqudgha
Makhleb
Nemelex Xobeh
Qazlal
Ru
Sif Muna
Vehumet
Wu Jian
Xom
Zin
The Shining One


Innate Abilities, Weirdness & Mutations

You have a beak for a mouth.
You have claws for feet.
Your magical nature lets you fly swiftly and evasively.


Message History

You conjure some foxfire!
You conjure some foxfire!
Your foxfire dissipates! x3
You conjure some foxfire!
Your foxfire dissipates!
You conjure some foxfire!
Your foxfire dissipates!
Your foxfire dissipates! x2
Your foxfire dissipates! x3
Your foxfire dissipates!
Magic restored.
You now have 156 gold pieces (gained 11).
Found a dagger.
w - a scroll labelled DAYLOMOIPH
Found a robe.
Found a stone staircase leading up.
Found a stone staircase leading down.
A centaur comes into view.
The centaur shouts!
The centaur wields a +0 shortbow.
The centaur shoots an arrow.
The arrow closely misses you.
You see here a scroll labelled CUNYBU JABRIKH.
A centaur is nearby!
A centaur is nearby!
You conjure some foxfire!
The centaur shoots an arrow.
The arrow closely misses you.
The centaur shoots an arrow.
The arrow hits you!
x - a scroll labelled CUNYBU JABRIKH The centaur shoots an arrow.
The arrow hits you!
The centaur shoots an arrow.
The arrow hits you.
A scorpion comes into view.
Your foxfire dissipates! x2
Casting: Foxfire (safe; 1% risk of failure)
Confirm with . or Enter, or press ? or * to list all spells.
You don't know that spell.
The centaur shoots an arrow.
The arrow closely misses you.
The centaur shoots an arrow.
The arrow barely misses you.
The centaur shoots an arrow.
The arrow closely misses you.
The centaur shoots an arrow.
The arrow hits you!
* * * LOW HITPOINT WARNING * * *
The centaur shoots an arrow.
The arrow hits you.
You die...

.....#....# .
#....# .c.
...####.#..###.....
.........sc...c.>..
##.[###.#.#########
#.#.# #.# #.#.#
.... #.#.# ###...#
#.#@### .....#
#.....# ###...#
#...#.#
......###...#)#..
#..............
#.......#.#.#..
#.....###.#.#..
#...#.###.# # .#
#...#.....# #...


You could see a centaur and a scorpion.

Vanquished Creatures
  A black bear (D:4)
  A scorpion (D:4)
  An iguana (D:4)
  A hound zombie (D:5)
  3 gnolls (D:2)
  3 adders
  An ufetubus (D:4)
  A worm (D:2)
  2 dart slugs
  2 orcs (D:4)
  2 endoplasms
  5 giant cockroaches
  2 goblins (D:1)
  7 hobgoblins
  2 jackals (D:4)
  4 quokkas
  4 ball pythons
  7 bats
  3 frilled lizards (D:2)
  8 kobolds
  6 rats
66 creatures vanquished.

Vanquished Creatures (others)
  A human (D:3)
  An endoplasm (D:4)
  286 foxfires
288 creatures vanquished.

Grand Total: 354 creatures vanquished

Notes
Turn   | Place    | Note
-------+----------+-------------------------------------------
     0 | D:1      | Icepheonix32 the Tengu Fire Elementalist began the quest
                  | for the Orb.
     0 | D:1      | Reached XP level 1. HP: 10/10 MP: 4/4
   231 | D:1      | Found a faded altar of an unknown god.
   354 | D:1      | Reached XP level 2. HP: 15/15 MP: 1/6
   868 | D:1      | Reached skill level 4 in Fire Magic
  1085 | D:2      | Reached XP level 3. HP: 17/19 MP: 5/7
  1713 | D:2      | Reached XP level 4. HP: 22/24 MP: 0/8
  2566 | D:3      | Reached skill level 5 in Fire Magic
  2773 | D:3      | Found an ancient bone altar of Kikubaaqudgha.
  2778 | D:3      | Noticed a human
  2780 | D:3      | Killed a human
  2957 | D:3      | Found a shimmering altar of Xom.
  3100 | D:4      | Noticed a black bear
  3109 | D:4      | Killed a black bear
  3110 | D:4      | Gained mutation: Your magical nature lets you fly swiftly
                  | and evasively. [Tengu growth]
  3110 | D:4      | Reached XP level 5. HP: 28/28 MP: 1/9
  3243 | D:4      | Reached XP level 6. HP: 26/32 MP: 3/10
  3333 | D:4      | Found a staircase to the Ecumenical Temple.
  3342 | Temple   | Entered the Ecumenical Temple
  3427 | Temple   | Became a worshipper of Qazlal Stormbringer
  3823 | D:4      | Reached skill level 5 in Conjurations
  3823 | D:4      | Reached skill level 6 in Fire Magic
  4024 | D:5      | Entered Level 5 of the Dungeon
  4187 | D:5      | Shot with an arrow by a centaur

Illustrated notes

Levels and vault maps discovered:
D:1:      noname_arrival_rooms_in_the_neighbourhood, layout_basic,
          ebering_ecumenical_altar_ruins
D:2:      layout_basic
D:3:      layout_rooms, overflow_temple_1_default, tgw_kikubaaqudgha
D:4:      layout_rooms, minmay_temple_entry_junction, kennysheep_generic_room_16
D:5:      minmay_skewed_foursquare, layout_basic
Temple:   lightli_temple_of_artemis

Skill      XL: |  1  2  3  4  5  6 |
---------------+-------------------+-----
Fire Magic     | 4 5 6 |  6.2
Conjurations   | 2 3 4 5 |  5.4
Dodging        | |  2.1
Stealth        | |  2.0
Spellcasting   | |  2.0

Action                   |  1- 3 |  4- 6 || total
-------------------------+-------+-------++-------
Melee: Spear             |     9 |    52 ||    61
       Short sword       |     6 |       ||     6
       Peck              |     3 |     5 ||     8
       Kick              |     1 |    12 ||    13
 Cast: Foxfire           |    72 |    92 ||   164
 Stab: Sleeping          |       |     2 ||     2
Armor: Robe              |     3 |    10 ||    13
Dodge: Dodged            |    17 |    35 ||    52
